AoeStats
← manfred_da_pig

Socotra

505559860Analyzed
4v4 RM · 23d ago on Sep 10, 2026· 20m 22s· 8 players
Game mode
Random Map
Map size
148×148
Population
200
Speed
Normal
Resources
Standard
Victory
Conquest
Starting age
Dark Age
Ending age
Imperial Age
RankedLock teamsTeams togetherTeam positionsShared explorationLock speedFull tech treeHidden civsTurbo modeCheats
Victory
Defeat
🇺🇾 Teutons · Uruguay
1491
+13
🇺🇾 Mongols · Uruguay
1459
+14
🇨🇴 Hindustanis · Colombia
1436
+15
🇧🇷 Byzantines · Brazil
1425
+16
🇺🇸 Vikings · United States
1494
-17
🇩🇪 Gurjaras · Germany
1484
-17
🇧🇷 Persians · Brazil
1349
-12
🇦🇷 Ethiopians · Argentina
1347
-12
_K1R4_
3:47 Loom
9:41 Feudal Age
10:18 Double-Bit Axe
15:40 Fletching
20:19 Padded Archer Armor
Chigüiro
6:58 Loom
9:23 Feudal Age
9:57 Town Watch
10:09 Double-Bit Axe
15:27 Scale Barding Armor
19:06 Forging
20:09 Horse Collar
DavidTG
6:19 Loom
9:05 Feudal Age
9:40 Double-Bit Axe
17:15 Scale Barding Armor
19:42 Forging
Lautreamont
0:35 Loom
10:44 Feudal Age
PaRappa56
5:43 Loom
8:27 Feudal Age
13:50 Fletching
17:18 Padded Archer Armor
manfred_da_pig
2:02 Loom
8:37 Feudal Age
MHT. Nahuel 047
7:23 Loom
10:06 Feudal Age
10:48 Double-Bit Axe
13:52 Fletching
LaddRusso
7:07 Loom
9:38 Feudal Age
10:18 Horse Collar
10:29 Double-Bit Axe
10:39 Horse Collar
17:26 Scale Barding Armor
18:12 Bloodlines
20:49 Wheelbarrow
21:03 Forging
Connection lost

Rejoining the realm…

Still unreachable

The connection could not be restored.

Session expired

The server has moved on; the page needs a fresh start.